 Dungeon Crawl Stone Soup version 0.30-a0-122-g2a1322497e (webtiles) character file.

Game seed: 4373876533241566361

47857 droid the Severer (level 14, -6/135 HPs)
             Began as a Minotaur Fighter on Sept 16, 2022.
             Was a High Priest of Makhleb.
             Mangled by a salamander
             ... wielding a +0 glaive
              (12 damage)
             ... on level 15 of the Dungeon.
             The game lasted 00:26:53 (20307 turns).

droid the Severer (Minotaur Fighter)               Turns: 20307, Time: 00:26:54

Health: -6/135     AC: 19    Str: 26    XL:     14   Next: 10%
Magic:  0/22       EV: 12    Int:  5    God:    Makhleb [*****.]
Gold:   325        SH:  0    Dex: 15    Spells: 13/13 levels left

rFire   . . .      SeeInvis .    a - +6 battleaxe
rCold   + . .      Faith    .    (shield currently unavailable)
rNeg    . . .      Spirit   +    B - +0 plate armour {rC+}
rPois   .          Reflect  .    (helmet restricted)
rElec   .          Harm     .    H - +0 cloak
rCorr   .          Rampage  .    y - +0 pair of gloves
Will    .....                    (no boots)
Stlth   ..........               o - amulet "Zaowkuoh" {Spirit Will- MP+9 Dex+5}
HPRegen 0.32/turn                q - +4 ring of slaying
MPRegen 0.18/turn                v - +4 ring of evasion

@: no status effects
A: horns 2, retaliatory headbutt
a: Renounce Religion, Minor Destruction, Lesser Servant of Makhleb, Major
Destruction, Greater Servant of Makhleb


You were on level 15 of the Dungeon.
You worshipped Makhleb.
Makhleb was extremely pleased with you.
You visited 2 branches of the dungeon, and saw 16 of its levels.

You collected 1009 gold pieces.
You spent 684 gold pieces at shops.

Inventory:

Hand Weapons
 a - a +6 battleaxe (weapon)
 z - a +4 scimitar of flaming
 M - a +0 vorpal war axe
Missiles
 i - 5 throwing nets (quivered)
Armour
 c - a +0 buckler
 y - a +0 pair of gloves (worn)
 B - a +0 plate armour of cold resistance (worn)
 H - a +0 cloak (worn)
 W - a +0 tower shield
Jewellery
 f - a ring of resist corrosion
 m - an amulet of magic regeneration
 o - the amulet "Zaowkuoh" (around neck) {Spirit Will- MP+9 Dex+5}
   (You bought it in a shop on level 4 of the Dungeon)

   [amulet of guardian spirit]

   It causes incoming damage to be divided between your reserves of health and
   magic.
   Dex:       It affects your dexterity (+5).
   MP:        It affects your magic capacity (+9).
   Will:      It decreases your willpower.
 q - a +4 ring of slaying (left hand)
 v - a +4 ring of evasion (right hand)
 w - an amulet of faith
 I - a ring of protection from cold
Wands
 d - a wand of iceblast (11)
 l - a wand of digging (5)
 C - a wand of polymorph (13)
 R - a wand of flame (23)
 U - a wand of light (1)
Scrolls
 b - 8 scrolls of teleportation
 e - 3 scrolls of magic mapping
 g - 2 scrolls of fear
 h - 2 scrolls of amnesia
 j - 3 scrolls of enchant weapon
 k - 5 scrolls of poison
 n - 3 scrolls of butterflies
 p - a scroll of brand weapon {unknown}
 r - 2 scrolls of enchant armour {unknown}
 t - a scroll of acquirement {unknown}
 x - a scroll of vulnerability {unknown}
 A - 2 scrolls of immolation {unknown}
 E - 2 scrolls of torment {unknown}
 F - 2 scrolls of silence {unknown}
 G - 2 scrolls of blinking
 J - 2 scrolls of noise {unknown}
 S - a scroll of summoning {unknown}
 T - 3 scrolls of identify
Potions
 s - a potion of heal wounds
 u - 2 potions of mutation
 D - a potion of resistance
 K - 8 potions of ambrosia
 L - 3 potions of curing
 N - a potion of might
 O - a potion of haste
 P - 2 potions of brilliance {unknown}
 Q - a potion of flight {unknown}
 V - a potion of magic {unknown}


   Skills:
 + Level 15.0 Fighting
 + Level 20.9 Axes
 + Level 0.4 Throwing
 + Level 14.2 Armour
 + Level 1.5 Dodging
 - Level 0.1 Stealth
 + Level 4.5 Shields
 - Level 0.1 Evocations


You had 13 spell levels left.
You didn't know any spells.
Your spell library contained the following spells:

 Spells                   Type           Power      Damage    Failure   Level
 Magic Dart               Conj           0%         1d3       98%         1
 Summon Small Mammal      Summ           0%         N/A       98%         1
 Call Imp                 Summ           0%         N/A       99%         2
 Static Discharge         Conj/Air       0%         3-3/arc   99%         2
 Kindle Blastsparks       Fire/Tloc/Air  0%         2d10      100%        3
 Mephitic Cloud           Conj/Pois/Air  0%         N/A       100%        3
 Animate Armour           Summ/Erth      0%         N/A       100%        4
 Dispel Undead            Necr           0%         3d6       100%        4
 Fulminant Prism          Conj/Hex       0%         3d6       100%        4
 Iskenderun's Mystic Bla  Conj/Tloc      0%         2d3       100%        4
 Sticky Flame             Conj/Fire      0%         2d3       100%        4
 Blade Hands              Tmut           0%         N/A       100%        5
 Irradiate                Conj/Tmut      0%         3d11      100%        5
 Lee's Rapid Deconstruct  Erth           0%         3d5*      100%        5
 Dispersal                Tloc           0%         N/A       100%        6
 Iron Shot                Conj/Erth      0%         9d1       100%        6
 Orb of Destruction       Conj           0%         9d5       100%        7
 Disjunction              Tloc           0%         N/A       100%        8


Dungeon Overview and Level Annotations

Branches:
Dungeon (15/15)            Temple (1/1) D:5            Lair (0/5) D:10
    Orc (0/2) D:12         Vaults (0/5) D:14
 Depths: D:15

Altars:
Ashenzari
Cheibriados
Dithmenos
Elyvilon
Fedhas
Gozag
Hepliaklqana
Kikubaaqudgha
Makhleb
Nemelex Xobeh
Okawaru
Qazlal
Ru
Sif Muna
Trog
Uskayaw
Vehumet
Wu Jian
Xom
Yredelemnul
Zin
The Shining One

Shops:
D:4 =   D:12 !

Portals:
Trove: D:14 (lose all piety)

Annotations:
D:12 exclusion: orange crystal statue


Innate Abilities, Weirdness & Mutations

You have a pair of horns on your head.
You reflexively headbutt those who attack you in melee.


Message History

You are too injured to fight recklessly!
You are too injured to fight recklessly!
You are too injured to fight recklessly!
You are too injured to fight recklessly!
The boulder beetle waves its antennae.
The salamander hits you with a +0 glaive!
You are engulfed in flames!
* * * LOW HITPOINT WARNING * * *
You hit the salamander.
You headbutt the salamander, but do no damage.
The salamander is lightly wounded.
You slash the boulder beetle! The boulder beetle bites you!
* * * LOW HITPOINT WARNING * * *
The salamander hits you with a +0 glaive.
* * * LOW HITPOINT WARNING * * *
You are engulfed in flames!
* * * LOW HITPOINT WARNING * * *
You feel much better.
The boulder beetle bites you but does no damage.
The salamander hits you with a +0 glaive!
* * * LOW HITPOINT WARNING * * *
You are engulfed in flames!
* * * LOW HITPOINT WARNING * * *
You feel much better. The boulder beetle bites you!
* * * LOW HITPOINT WARNING * * *
The seven-headed hydra bites you.
* * * LOW HITPOINT WARNING * * *
The seven-headed hydra bites you.
* * * LOW HITPOINT WARNING * * *
The seven-headed hydra bites you!
* * * LOW HITPOINT WARNING * * *
The seven-headed hydra bites you but does no damage.
The seven-headed hydra closely misses you.
The seven-headed hydra bites you.
* * * LOW HITPOINT WARNING * * *
The seven-headed hydra bites you but does no damage.
The salamander hits you with a +0 glaive!
* * * LOW HITPOINT WARNING * * *
You are engulfed in flames!
You die...

.........## .#
.........## ####
..........# ##..###
..........## ###.....#
.(.........#####......##
............##........#
.............).##.....#
..........D..###....##
..........N@B.##....#
..........#.........#
...................#
...........######..#
.......#.}# #.#
.#...###.. #. . .# ##.
.. .


You could see a boulder beetle, a seven-headed hydra and a salamander.

Vanquished Creatures
  4 vault guards (D:14)
  Harold (D:9)
  7 centaur warriors
  An anaconda (shapeshifter) (D:14)
  6 boulder beetles
  2 two-headed ogres
  3 tengu warriors
  The ghost of LnG the Cleaver, a novice HOFi of Uskayaw (D:10)
  Erica (D:10)
  3 death yaks
  Nergalle (D:12)
  A glowing orange brain (shapeshifter) (D:14)
  A wizard (D:15)
  2 orc knights
  A manticore (D:14)
  A wolf spider (D:15)
  11 ugly things
  4 cyclopes
  Maurice (D:9)
  4 gargoyles
  Maggie (D:7)
  2 tengu conjurers (D:14)
  A komodo dragon (D:12)
  A kobold demonologist (D:12)
  A queen bee (D:13)
  4 meliai
  5 trolls
  3 hornets (D:9)
  14 slime creatures (D:13)
  A wyvern (D:11)
  A vampire (D:9)
  33 yaks
  4 wraiths
  Grum (D:9)
  2 steam dragons
  4 vampire mosquitoes
  Menkaure (D:3)
  Edmund (D:4)
  An acid dragon (D:14)
  A water moccasin (D:6)
  7 orc warriors
  3 ice beasts
  A sky beast (D:7)
  An ogre (D:5)
  A black bear (D:4)
  4 wolves (D:9)
  7 centaurs
  A phantom (D:4)
  2 kobold brigands
  A gnoll sergeant (D:8)
  3 bullfrogs
  4 necrophages
  2 scorpions
  22 wights
  27 killer bees
  4 electric eels (D:8)
  6 howler monkeys
  3 lava snakes (D:12)
  3 gnoll boudas
  3 hounds
  2 orc priests
  Ijyb (D:4)
  Terence (D:3)
  4 iguanas
  13 orc wizards
  18 gnolls
  6 adders
  2 shadow imps
  A white imp (D:8)
  4 ufetubi
  4 worms
  6 dart slugs
  31 orcs
  6 ball pythons
  6 endoplasms
  2 giant cockroaches (D:3)
  4 goblins
  10 hobgoblins
  3 jackals (D:2)
  5 quokkas
  6 bats
  3 frilled lizards
  10 kobolds
  2 rats
393 creatures vanquished.

Vanquished Creatures (others)
  An orc (D:8)
  6 fungi (D:14)
  10 plants
17 creatures vanquished.

Grand Total: 410 creatures vanquished

Notes
Turn   | Place    | Note
-------+----------+-------------------------------------------
     0 | D:1      | droid the Minotaur Fighter began the quest for the Orb.
     0 | D:1      | Reached XP level 1. HP: 19/19 MP: 0/0
   147 | D:1      | Reached XP level 2. HP: 20/27 MP: 1/1
   321 | D:1      | Reached skill level 3 in Axes
   909 | D:2      | Reached XP level 3. HP: 33/33 MP: 2/2
  1023 | D:2      | Found a faded altar of an unknown god.
  1258 | D:2      | Reached skill level 4 in Axes
  1602 | D:3      | Reached XP level 4. HP: 40/40 MP: 3/3
  1607 | D:3      | Noticed Terence
  1617 | D:3      | Killed Terence
  1860 | D:3      | Found a radiant altar of Vehumet.
  1883 | D:3      | Reached skill level 5 in Axes
  2181 | D:3      | Found an ancient bone altar of Kikubaaqudgha.
  2188 | D:3      | Reached XP level 5. HP: 38/46 MP: 4/4
  2242 | D:3      | Found a shimmering blue altar of Sif Muna.
  2252 | D:3      | Got Sif Muna's Tractate on Mustering
  2664 | D:4      | Found Urufamuj's Jewellery Shoppe.
  2719 | D:4      | Reached skill level 6 in Axes
  2743 | D:4      | Noticed Edmund
  2749 | D:4      | Noticed a black bear
  2757 | D:4      | Reached XP level 6. HP: 26/53 MP: 5/5
  2758 | D:4      | Killed Edmund
  2759 | D:4      | Reached skill level 7 in Axes
  2759 | D:4      | Reached skill level 5 in Armour
  2759 | D:4      | Reached XP level 7. HP: 15/60 MP: 6/6
  3159 | D:4      | HP: 2/50 [wight/+3 long sword (2)]
  3560 | D:4      | Noticed Ijyb
  3564 | D:4      | Killed Ijyb
  3615 | D:4      | Reached skill level 8 in Axes
  3704 | D:4      | Reached skill level 5 in Fighting
  3704 | D:4      | Reached skill level 1 in Dodging
  3955 | D:4      | Got the Writings on Conjuring
  4159 | D:4      | Noticed Menkaure
  4538 | D:3      | Killed Menkaure
  4539 | D:3      | Reached skill level 9 in Axes
  5094 | D:5      | Entered Level 5 of the Dungeon
  5105 | D:5      | Reached XP level 8. HP: 56/68 MP: 7/7
  5241 | D:5      | Found a white marble altar of Elyvilon.
  5550 | D:5      | Reached skill level 10 in Axes
  5556 | D:5      | Found a glowing golden altar of the Shining One.
  5780 | D:5      | Found a staircase to the Ecumenical Temple.
  5792 | Temple   | Entered the Ecumenical Temple
  6480 | D:6      | Reached skill level 11 in Axes
  7305 | D:7      | Reached XP level 9. HP: 74/75 MP: 8/8
  7438 | D:7      | Reached skill level 12 in Axes
  7658 | D:7      | Noticed Maggie
  7665 | D:7      | Killed Maggie
  7666 | D:7      | Reached skill level 13 in Axes
  8098 | D:7      | Found a burning altar of Makhleb.
  8495 | D:7      | Became a worshipper of Makhleb the Destroyer
  8652 | D:8      | Reached skill level 14 in Axes
  8712 | D:8      | Reached XP level 10. HP: 64/86 MP: 9/9
  9027 | D:8      | Reached * piety under Makhleb
  9576 | D:8      | Reached skill level 15 in Axes
 10183 | D:8      | Found a shadowy altar of Dithmenos.
 10222 | D:8      | Found a hazy altar of Hepliaklqana.
 10312 | D:8      | Found a sacrificial altar of Ru.
 10697 | D:9      | Reached skill level 16 in Axes
 10721 | D:9      | Paralysed by a hornet for 3 turns
 10829 | D:9      | Reached ** piety under Makhleb
 10846 | D:9      | Paralysed by a hornet for 1 turns
 11176 | D:9      | Reached XP level 11. HP: 94/94 MP: 10/10
 11257 | D:9      | Noticed Harold
 11263 | D:9      | Killed Harold
 11264 | D:9      | Reached skill level 17 in Axes
 11687 | D:9      | Noticed Maurice
 11697 | D:9      | Killed Maurice
 11787 | D:9      | Noticed Grum
 11799 | D:9      | HP: 4/94 [Grum/+0 glaive (19)]
 12419 | D:9      | Killed Grum
 12452 | D:10     | Entered Level 10 of the Dungeon
 12452 | D:10     | Noticed a death yak
 12452 | D:10     | Noticed a death yak
 12452 | D:10     | Noticed a death yak
 12452 | D:10     | Found a staircase to the Lair.
 12462 | D:9      | Killed a death yak
 12464 | D:9      | Killed a death yak
 12748 | D:9      | Reached skill level 18 in Axes
 12774 | D:10     | Killed a death yak
 13150 | D:10     | Found an ornate altar of the Wu Jian Council.
 13212 | D:10     | Noticed a two-headed ogre
 13237 | D:10     | Killed a two-headed ogre
 13300 | D:10     | Noticed Erica
 13323 | D:10     | Killed Erica
 13593 | D:10     | Found a runed translucent door.
 13607 | D:10     | Noticed LnG's ghost (novice HOFi)
 13880 | D:10     | Killed LnG's ghost
 13933 | D:11     | Reached skill level 19 in Axes
 13933 | D:11     | Reached skill level 10 in Armour
 13936 | D:11     | Reached XP level 12. HP: 104/104 MP: 11/11
 13981 | D:11     | Reached *** piety under Makhleb
 14008 | D:11     | Noticed a boulder beetle
 14016 | D:11     | Killed a boulder beetle
 14194 | D:11     | Noticed a boulder beetle
 14204 | D:11     | Killed a boulder beetle
 14205 | D:11     | Reached skill level 10 in Fighting
 14895 | D:12     | Found Golo's Distillery.
 15074 | D:4      | Bought the amulet "Zaowkuoh" {Spirit Will- MP+9 Dex+5} for
                  | 684 gold pieces
 15217 | D:12     | Found a staircase to the Orcish Mines.
 15241 | D:12     | Noticed a two-headed ogre
 15243 | D:12     | Noticed Nergalle
 15252 | D:12     | Killed a two-headed ogre
 15264 | D:12     | Killed Nergalle
 16939 | D:13     | Noticed a centaur warrior
 16950 | D:13     | Killed a centaur warrior
 16971 | D:13     | Noticed a boulder beetle
 16977 | D:13     | Noticed a tengu warrior
 16978 | D:13     | Noticed a tengu warrior
 16978 | D:13     | Noticed a boulder beetle
 16990 | D:12     | Killed a tengu warrior
 16997 | D:12     | Killed a boulder beetle
 17240 | D:13     | Reached **** piety under Makhleb
 17242 | D:13     | Killed a tengu warrior
 17255 | D:13     | Killed a boulder beetle
 17317 | D:13     | Reached XP level 13. HP: 122/122 MP: 12/12
 18379 | D:14     | Reached skill level 20 in Axes
 18855 | D:14     | Found a blossoming altar of Fedhas.
 19569 | D:14     | Found a portal to a secret trove of treasure.
 19597 | D:14     | Reached ***** piety under Makhleb
 19927 | D:14     | Found a gate to the Vaults.
 20135 | D:15     | Entered Level 15 of the Dungeon
 20147 | D:15     | Reached XP level 14. HP: 133/133 MP: 13/13
 20297 | D:15     | Reached skill level 15 in Fighting
 20307 | D:15     | HP: 6/135 [salamander/+0 glaive (8)]
 20307 | D:15     | Mangled by a salamander

Illustrated notes

Levels and vault maps discovered:
D:1:      amcnicky_arrival_double_pillar, layout_loops_ring
D:2:      layout_basic, chequers_ecumenical_altar_island, minivault_14
D:3:      layout_rooms, palyth_temple_overflow_mages, minivault_14,
          kennysheep_generic_room_12, uniq_terence
D:4:      layout_basic, serial_shops, nicolae_shop_behind_doors, uniq_ijyb,
          uniq_menkaure, uniq_edmund
D:5:      layout_loops_ring, amcnicky_altar_gilded,
          nicolae_tso_carved_into_rock, minmay_temple_entry_mist,
          minmay_misc_feat_roman
D:6:      layout_gridville
D:7:      layout_loops_corners, makhleb_heckhound_becter,
          minmay_misc_feat_enclosed, uniq_maggie
D:8:      wad_lake_hut, layout_cave_pools, riverfiend_overflow_shadow_ancestor,
          mainiacjoe_overflow_surrounded_room, minmay_fractal_squares_5
D:9:      layout_gridville, minivault_1, uniq_grum, uniq_harold, uniq_maurice
D:10:     layout_cave_pools, nicolae_wu_jian_wuxing_cycle, dpeg_lair_monsters,
          ebering_ghost_reflecting_pool, uniq_erica
D:11:     layout_cave_pools
D:12:     layout_loops_ring, erik_orc_3, serial_shops, nicolae_shop_trees,
          hex_tiny, disabler_island, uniq_nergalle
D:13:     layout_cave_pools, special_room [special_room_bee]
D:14:     layout_roguey, lightli_vaults_fourway_checkpoint,
          nicolae_trove_entry_columns, fedhas_altar_3
D:15:     hangedman_depths_entry_try_elsewhere_first, layout_layer_cave,
          minmay_misc_feat_encased, due_unseen_surprise
Temple:   chequers_temple_sunken

Skill      XL: |  1  2  3  4  5  6  7  8  9 10 11 12 13 14 |
---------------+-------------------------------------------+-----
Axes           | 3 4 5 6 7 9 11 14 16 19 20 | 20.9
Fighting       | 4 5 6 7 9 13 14 15 | 15.0
Shields        | 4 |  4.5
Armour         | 4 5 6 7 8 10 12 13 14 | 14.2
Dodging        | 1 |  1.5
Throwing       | |  0.4
Stealth        | |  0.1
Evocations     | |  0.1

Action                   |  1- 3 |  4- 6 |  7- 9 | 10-12 | 13-15 || total
-------------------------+-------+-------+-------+-------+-------++-------
Melee: War axe           |    22 |       |       |       |       ||    22
       Hand axe          |    48 |    75 |    10 |       |       ||   133
       Headbutt          |    10 |     8 |    18 |    74 |    62 ||   172
       Battleaxe         |       |       |   141 |   371 |   238 ||   750
Throw: Throwing net      |       |       |       |     1 |       ||     1
Evoke: Wand              |       |       |       |     8 |       ||     8
  Use: Potion            |       |     3 |     3 |     2 |     2 ||    10
       Scroll            |       |       |     3 |    10 |     1 ||    14
Armor: Scale mail        |    25 |       |       |       |       ||    25
       Plate armour      |     5 |    57 |    79 |   182 |   104 ||   427
Dodge: Dodged            |    21 |    23 |    68 |   194 |   106 ||   412
Block: Buckler           |    21 |    16 |       |       |       ||    37

Table legend: (Time is in decaauts)
 A = Elapsed time spent in this place.
 B = Non-inter-level travel time spent in this place.
 C = Inter-level travel time spent in this place.
 D = Time resting spent in this place.
 E = Time spent auto-exploring this place.
 F = Levels seen in this place.
 G = Mean time per level.
                   A        B        C        D        E       F      G
               +--------+--------+--------+--------+--------+-----+--------+
         Total |  20344 |  18319 |   2025 |   5871 |  10357 |  16 | 1271.5 |
       Dungeon |  20085 |  18121 |   1964 |   5871 |  10165 |  15 | 1339.0 |
        Temple |    259 |    198 |     61 |      0 |    191 |   1 |  259.0 |
               +--------+--------+--------+--------+--------+-----+--------+

Top non-repeatable levels by time:
     D:8: 2349 daAuts
     D:3: 2193 daAuts
     D:9: 2153 daAuts
    D:12: 1906 daAuts
    D:14: 1600 daAuts
     D:4: 1468 daAuts
    D:13: 1451 daAuts
     D:7: 1419 daAuts
     D:6: 1019 daAuts
     D:5: 986 daAuts
    D:11: 967 daAuts
     D:1: 899 daAuts
    D:10: 897 daAuts
     D:2: 607 daAuts
  Temple: 259 daAuts
